AoeStats
← andre.luizmg

Arena

508641457Analyzed
4v4 RM · 10d ago on Sep 23, 2026· 42m 51s· 8 players
Game mode
Random Map
Map size
Large (8 player)
Population
200
Speed
Normal
Resources
Standard
Victory
Conquest
Starting age
Dark Age
Ending age
Imperial Age
RankedLock teamsTeams togetherTeam positionsShared explorationLock speedFull tech treeHidden civsTurbo modeCheats
Victory
Defeat
🇨🇳 Persians · China
1114
+12
🇮🇳 Byzantines · India
1070
+14
🇧🇷 Slavs · Brazil
1003
+17
🇦🇺 Hindustanis · Australia
973
+18
🇯🇴 Turks · Jordan
1075
-17
🇮🇱 Goths · Israel
1051
-16
🇯🇴 Japanese · Jordan
990
-14
🇫🇷 Franks · France
984
-14
GROS
12:37 Feudal Age
17:11 Castle Age
16:29 Double-Bit Axe
17:11 Stone Mining
19:36 Husbandry
27:12 Squires
26:34 Pikeman
27:00 Arson
31:28 Murder Holes
35:35 Imperial Age
33:33 Gold Mining
36:23 Halberdier
38:09 Scale Mail Armor
Shaheen
0:32 Loom
10:57 Feudal Age
12:03 Double-Bit Axe
17:34 Castle Age
16:42 Horse Collar
25:04 Town Watch
26:24 Heavy Plow
31:22 Imperial Age
30:13 Wheelbarrow
29:39 Town Patrol
30:14 Bow Saw
30:39 Anarchy
30:42 Gold Mining
33:03 Chemistry
32:38 Perfusion
32:23 Elite Huskarl
34:13 Forging
34:03 Scale Mail Armor
34:06 Stone Mining
36:00 Iron Casting
34:53 Pikeman
36:07 Squires
37:05 Halberdier
C 5
12:39 Feudal Age
17:56 Castle Age
15:57 Horse Collar
16:47 Double-Bit Axe
19:19 Wheelbarrow
19:26 Heavy Plow
26:19 Hand Cart
26:23 Bow Saw
27:48 Gold Mining
27:52 Stone Mining
30:22 Gold Shaft Mining
34:09 Imperial Age
31:54 Forging
31:44 Scale Mail Armor
31:51 Loom
33:24 Town Watch
33:53 Scale Mail Armor
34:29 Iron Casting
35:32 Chain Mail Armor
35:08 Elite Samurai
36:21 Town Patrol
37:28 Two-Man Saw
37:31 Blast Furnace
40:42 Plate Mail Armor
41:54 Chemistry
JorDaN
0:34 Loom
11:46 Feudal Age
13:10 Wheelbarrow
12:26 Double-Bit Axe
16:53 Castle Age
16:20 Gold Mining
16:33 Horse Collar
22:53 Imperial Age
21:40 Bow Saw
21:26 Fletching
21:35 Fletching
21:46 Padded Archer Armor
24:35 Gold Shaft Mining
34:41 Two-Man Saw
40:59 Bodkin Arrow
41:19 Leather Archer Armor
Matcha
2:03 Loom
10:27 Feudal Age
15:30 Castle Age
14:29 Double-Bit Axe
25:55 Bow Saw
26:39 Bloodlines
26:29 Husbandry
32:50 Imperial Age
30:34 Horse Collar
34:34 Chemistry
33:30 Murder Holes
33:37 Shatagni
33:58 Conscription
33:20 Light Cavalry
34:46 Wheelbarrow
33:34 Elite Skirmisher
34:10 Fletching
34:20 Padded Archer Armor
34:32 Forging
34:27 Scale Barding Armor
35:01 Heavy Plow
37:02 Bodkin Arrow
37:23 Leather Archer Armor
40:24 Caravan
41:11 Heavy Camel Rider
41:11 Hussar
00000
10:24 Feudal Age
11:48 Double-Bit Axe
14:30 Castle Age
12:13 Horse Collar
15:11 Heavy Plow
21:20 Wheelbarrow
22:33 Bow Saw
24:01 Hand Cart
25:16 Loom
28:48 Imperial Age
26:11 Stone Mining
26:17 Gold Mining
26:34 Scale Barding Armor
26:52 Forging
27:22 Ballistics
27:54 Stone Shaft Mining
27:56 Gold Shaft Mining
28:32 Chain Barding Armor
28:48 Iron Casting
29:04 Husbandry
30:02 Conscription
29:55 Logistica
31:20 Chemistry
30:56 Crop Rotation
31:28 Two-Man Saw
30:20 Treadmill Crane
31:46 Plate Barding Armor
31:26 Elite Cataphract
32:07 Fletching
32:58 Bodkin Arrow
32:51 Arrowslits
33:48 Bracer
34:13 Padded Archer Armor
34:15 Scale Mail Armor
36:12 Leather Archer Armor
37:11 Squires
36:56 Gambesons
36:57 Arson
37:47 Ring Archer Armor
37:32 Chain Mail Armor
38:00 Fortified Wall
38:57 Murder Holes
39:58 Guilds
41:00 Plate Mail Armor
saneglsngosglgeisn
14:07 Feudal Age
16:07 Horse Collar
16:16 Double-Bit Axe
19:23 Castle Age
20:37 Heavy Plow
20:50 Bow Saw
23:04 Caravan
24:25 Loom
25:16 Wheelbarrow
26:31 Hand Cart
26:34 Gold Mining
28:18 Gold Shaft Mining
27:35 Stone Mining
30:21 Stone Shaft Mining
30:40 Forging
30:36 Scale Barding Armor
34:26 Imperial Age
32:38 Iron Casting
33:02 Chain Barding Armor
33:18 Devotion
35:25 Crop Rotation
35:57 Two-Man Saw
36:26 Blast Furnace
36:01 Plate Barding Armor
35:29 Husbandry
35:39 Bloodlines
34:54 Elite War Elephant
35:55 Conscription
40:04 Conscription
andre.luizmg
11:56 Feudal Age
12:42 Double-Bit Axe
16:52 Castle Age
14:40 Horse Collar
14:56 Gold Mining
15:51 Scale Barding Armor
16:58 Forging
18:06 Heavy Plow
18:46 Bow Saw
19:59 Bloodlines
19:50 Loom
20:39 Husbandry
21:58 Chain Barding Armor
22:41 Iron Casting
22:20 Squires
26:36 Scale Mail Armor
25:58 Pikeman
39:44 Elite Skirmisher
42:14 Coinage
Connection lost

Rejoining the realm…

Still unreachable

The connection could not be restored.

Session expired

The server has moved on; the page needs a fresh start.